Map: Acid Plant LE

Players

HeRoMaRinE

  • Race: Terran Terran
  • League: Master
  • Spawn Location: 11:00

MMA - Winner!

  • Race: Terran Terran
  • Spawn Location: 5:00

Event: HomeStory Cup XVII

VOD

Have the link to the VOD?

Description

Time

  • Played on: June 29, 2018, 7:37 a.m.
  • Length: 19:46

All games in this series

Show
View Real Time Build Order
Export as new Build Order

HeRoMaRinE Terran 

Build Orders: Cyclone Opening, Gas First Reaper Expand, Reaper Expand, MMM Bio 

Get SALT Encoding   

  12  0:00  SCV  
  13  0:12  SCV  
  14  0:17  Supply Depot  
  14  0:25  SCV  
  15  0:29  Refinery  
  15  0:38  SCV  
  16  0:44  Barracks  
  16  0:51  SCV  
  17  1:03  SCV  
  18  1:15  SCV  
  19  1:32  Orbital Command, Reaper  
  20  1:46  Command Center  
  20  1:58  Factory  
  20  2:01  SCV  
  20  2:06  Barracks Reactor  
  21  2:13  SCV  
  22  2:16  Supply Depot  
  22  2:24  Refinery  
  22  2:25  SCV  
  23  2:38  SCV  
  23  2:43  Cyclone, Marine x2  
  28  2:50  SCV  
  29  3:02  SCV  
  30  3:07  Starport, Marine  
  30  3:08  Marine  
  30  3:11  Orbital Command  
  31  3:14  SCV  
  32  3:22  Bunker  
  32  3:26  SCV, Marine, Factory Tech Lab  
  34  3:28  Marine  
  35  3:39  SCV  
  35  3:42  SCV  
  36  3:51  SCV  
  36  3:53  Raven  
  36  3:54  SCV, Marine x2  
  39  3:57  Factory Tech Lab  
  39  4:03  SCV  
  39  4:06  SCV  
  39  4:07  Refinery, Supply Depot  
  41  4:12  Marine x2  
  41  4:15  SCV  
  44  4:17  Supply Depot  
  44  4:18  SCV  
  45  4:27  SCV  
  45  4:28  Siege Tank  
  45  4:30  SCV, Liberator  
  50  4:34  Supply Depot  
  50  4:39  SCV  
  50  4:42  SCV  
  50  4:44  Viking  
  54  4:51  Supply Depot, SCV  
  59  4:54  SCV  
  59  4:55  Marauder  
  61  5:01  Refinery  
  61  5:02  Supply Depot  
  61  5:03  SCV  
  61  5:06  Siege Tank  
  66  5:15  SCV  
  66  5:16  Marine  
  66  5:17  Viking  
  66  5:19  SCV  
  70  5:27  SCV  
  71  5:30  Viking  
  71  5:31  SCV  
  71  5:34  Marine  
  75  5:39  Siege Tank  
  75  5:40  SCV  
  79  5:44  SCV  
  79  5:47  Supply Depot  
  77  5:52  Marauder  
  77  5:55  Viking  
  80  6:06  Command Center  
  80  6:09  SCV x2  
  82  6:11  Hellion  
  82  6:13  Marauder  
  86  6:21  SCV x2  
  86  6:24  Stimpack, Barracks  
  86  6:25  Barracks  
  85  6:34  Marine  
  85  6:36  SCV x2, Liberator x2  
  71  6:49  SCV x2  
  71  6:52  Marauder, Siege Tank  
  76  6:59  Bunker  
  76  7:03  SCV  
  76  7:05  Engineering Bay  
  76  7:06  Engineering Bay  
  75  7:14  Marauder  
  72  7:18  SCV x2  
  72  7:22  Barracks Reactor  
  72  7:23  Barracks Reactor  
  72  7:26  Barracks  
  72  7:28  Siege Tank, Barracks  
  72  7:30  Orbital Command  
  72  7:31  SCV  
  72  7:32  SCV  
  72  7:35  Marauder  
  76  7:40  Viking x2  
  80  7:44  SCV x2  
  82  7:56  SCV x3  
  82  7:57  Marauder  
  87  7:59  Marine x2  
  87  8:00  Marine x2  
  87  8:01  Siege Tank  
  87  8:04  Refinery  
  87  8:05  Refinery  
  94  8:08  SCV x3  
  97  8:13  Viking x2  
  97  8:15  Barracks Tech Lab x2  
  97  8:18  Marauder  
  103  8:20  SCV x3  
  103  8:21  Marine x3  
  109  8:29  Supply Depot  
  109  8:30  Marine  
  109  8:32  SCV  
  109  8:33  Marauder, SCV x2  
  117  8:34  Marauder  
  117  8:46  SCV x3  
  117  8:51  Siege Tank  
  117  8:52  Marauder  
  117  8:55  Marauder  
  122  8:56  Marauder, Marine x2  
  122  8:58  SCV x3  
  121  9:09  Medivac x2  
  121  9:10  SCV  
  121  9:16  Marauder  
  122  9:17  Marine x2  
  122  9:18  Marine x2  
  122  9:19  Barracks Tech Lab x2  
  122  9:22  Command Center  
  123  9:24  Supply Depot  
  125  9:40  Medivac  
  125  9:42  Medivac  
  125  9:43  SCV  
  125  9:44  SCV x2  
  123  9:50  Marauder x3, Marine  
  123  9:51  Marine x2  
  127  9:54  Supply Depot  
  127  9:55  Supply Depot, SCV  
  127  9:56  SCV x2  
  127  9:57  Refinery, Supply Depot  
  130  10:07  SCV  
  130  10:09  Combat Shield, Concussive Shells  
  130  10:11  Marauder  
  130  10:12  Terran Infantry Weapons Level 1, Terran Infantry Armor Level 1  
  133  10:16  Marauder x2  
  133  10:20  Viking x2  
  141  10:32  Starport  
  141  10:33  Marauder  
  141  10:34  Fusion Core  
  141  10:35  Starport, Marine x2  
  143  10:36  Marine  
  143  10:37  Command Center  
  143  10:38  Marauder  
  148  10:47  Marauder  
  148  10:48  Marine  
  151  10:52  Command Center  
  151  10:53  Marine  
  151  10:54  Marauder  
  154  10:58  Viking x2  
  154  11:00  Marauder  
  154  11:05  Marine x2  
  154  11:08  Marauder  
  150  11:12  Marine x2  
  150  11:15  Marauder  
  145  11:18  SCV  
  145  11:19  SCV x3  
  145  11:21  Marauder  
  145  11:22  Liberator x2  
  145  11:23  Marine x2  
  143  11:29  Medivac x2  
  143  11:30  Marauder  
  143  11:32  SCV x2  
  141  11:33  Planetary Fortress, SCV  
  141  11:37  Marauder  
  148  11:41  Marine x2  
  148  11:42  Marine  
  148  11:43  Marauder  
  148  11:45  Marine  
  154  11:51  Marauder  
  156  11:58  Marauder  
  156  11:59  Advanced Ballistics, Marine x3  
  161  12:03  Armory  
  161  12:04  Marauder  
  161  12:05  Medivac  
  165  12:09  Refinery, Orbital Command  
  165  12:10  Refinery  
  165  12:11  Factory Reactor  
  165  12:12  Marauder  
  164  12:16  Marine  
  164  12:17  Marine  
  164  12:18  Refinery  
  164  12:19  Marauder, Refinery  
  163  12:25  Marauder, Viking x3  
  163  12:31  Marine  
  163  12:32  SCV  
  163  12:33  SCV x2  
  163  12:34  Marauder  
  169  12:41  Marauder  
  171  12:46  SCV x2  
  171  12:47  Marauder  
  173  12:57  Marauder, Marine x2  
  147  13:00  Medivac x2  
  147  13:01  Viking x2  
  147  13:02  Marauder  
  140  13:06  SCV x2  
  140  13:08  Marauder  
  136  13:18  Marauder  
  126  13:21  Liberator  
  126  13:24  Marauder  
  120  13:29  Marauder, Viking  
  120  13:30  Viking  
  120  13:33  SCV x3  
  126  13:36  Liberator x2  
  126  13:37  Marine x2  
  126  13:40  Marauder  
  128  13:42  Terran Infantry Weapons Level 2  
  128  13:43  Terran Ship Weapons Level 1  
  128  13:45  Marauder  
  130  13:51  Marauder  
  138  13:58  Marine  
  138  14:00  Marine  
  138  14:01  Marauder, Marine x2  
  144  14:03  Viking  
  144  14:06  Marauder, Viking  
  148  14:12  Marauder  
  150  14:21  Viking  
  150  14:22  Marauder  
  146  14:30  Marauder, Marine x3  
  146  14:31  Marine  
  145  14:33  Viking  
  145  14:34  Marauder  
  145  14:35  Viking  
  145  14:36  Viking  
  145  14:37  Viking  
  153  14:43  Marine  
  139  14:48  Liberator, Marine x2  
  139  14:49  Liberator  
  139  14:51  Marauder  
  139  14:52  Marine x2  
  130  14:55  Marauder, Liberator  
  113  15:02  Marauder  
  113  15:03  Viking  
  114  15:07  Marine x2  
  114  15:12  Marauder  
  114  15:13  Viking  
  110  15:16  Marauder  
  110  15:20  Marine  
  110  15:21  Marine  
  111  15:23  Marauder  
  109  15:30  Liberator  
  109  15:31  Liberator  
  109  15:34  Marauder  
  109  15:40  Marauder, Marine x2  
  113  15:44  Marauder  
  118  15:54  Liberator  
  118  15:55  Refinery  
  113  16:02  SCV x4  
  111  16:07  Liberator  
  110  16:27  Marauder  
  110  16:28  Marauder, Marine x2  
  110  16:29  Marine  
  110  16:30  Liberator  
  117  16:35  Orbital Command  
  117  16:39  Marauder, Marine  
  120  16:49  Marauder  
  120  16:51  Marauder  
  113  17:04  Marauder  
  113  17:06  Marine x2  
  113  17:07  Marine  
  115  17:10  Marauder  
  115  17:13  Marauder  
  115  17:14  Marine  
  117  17:26  Marauder  
  118  17:32  Marauder  
  118  17:35  Marauder, Marine x2  
  124  17:47  Marauder  
  123  17:53  Marauder  
  123  17:54  Marine x3  
  123  17:56  Marauder  
  128  18:10  Marauder, Marine  
  128  18:12  Marine  
  124  18:13  Marine x2  
  124  18:14  Marauder  
  124  18:17  Marine  
  119  18:20  Liberator  
  119  18:28  Marine  
  119  18:30  Marine  
  119  18:31  Marine  
  119  18:32  Marauder  
  113  18:35  Marauder  
  113  18:40  Marauder  
  115  18:44  Marine  
  113  18:51  Marine  
  107  18:56  Marine  
  107  18:57  Marine  
  107  18:58  Marine  
  107  19:00  Orbital Command, Marine  
  95  19:04  Medivac x2  
  99  19:10  Marauder  
  99  19:12  Marine  
  100  19:18  Marauder  
  100  19:19  Marine  
  103  19:24  Marauder  
Show
View Real Time Build Order
Export as new Build Order

MMA Terran - Winner!

Build Orders: Cyclone Opening, Gas First Reaper Expand, Reaper Expand, Mech 

Get SALT Encoding   

  12  0:00  SCV  
  13  0:12  SCV  
  14  0:17  Supply Depot  
  14  0:25  SCV  
  14  0:27  Refinery  
  15  0:38  SCV  
  16  0:44  Barracks  
  16  0:50  SCV  
  17  1:02  SCV  
  18  1:14  SCV  
  19  1:30  Orbital Command  
  19  1:31  Reaper  
  20  1:42  Command Center  
  20  1:52  Factory  
  20  1:56  SCV  
  20  2:01  Refinery  
  21  2:05  Reaper  
  22  2:13  Supply Depot  
  22  2:15  SCV  
  23  2:34  SCV  
  24  2:38  Cyclone  
  27  2:44  Barracks Reactor  
  27  2:46  SCV  
  28  2:54  Orbital Command  
  27  2:59  SCV  
  28  3:10  Command Center  
  28  3:14  SCV  
  30  3:20  SCV  
  30  3:25  Cyclone  
  33  3:29  Cyclone  
  36  3:39  SCV x2  
  37  3:51  SCV x2  
  39  3:58  Barracks Tech Lab  
  39  4:00  Refinery x2  
  38  4:03  SCV x2  
  38  4:08  Supply Depot  
  40  4:11  Armory  
  40  4:12  Armory  
  40  4:15  SCV x2  
  42  4:24  Orbital Command  
  42  4:27  SCV x2  
  42  4:29  Hellion x2  
  48  4:37  Starport  
  48  4:42  SCV x2  
  50  4:47  Orbital Command  
  50  4:50  Hellion  
  50  4:51  Supply Depot  
  54  4:53  Hellion  
  54  4:54  SCV  
  55  5:02  Terran Vehicle And Ship Armor Level 1, Terran Vehicle Weapons Level 1  
  55  5:05  SCV, Barracks Reactor  
  55  5:06  SCV  
  57  5:14  Hellion x2  
  61  5:15  Supply Depot  
  61  5:17  SCV  
  61  5:19  SCV  
  63  5:21  SCV  
  63  5:24  Raven  
  66  5:30  SCV  
  66  5:31  SCV  
  66  5:32  Supply Depot  
  66  5:34  SCV  
  69  5:38  Cyclone  
  69  5:40  Cyclone  
  69  5:42  SCV  
  76  5:43  SCV  
  76  5:46  SCV  
  78  5:54  SCV  
  79  5:59  SCV  
  79  6:02  Engineering Bay  
  80  6:08  Factory  
  80  6:10  Factory  
  80  6:12  SCV x2  
  80  6:17  Cyclone x2  
  86  6:19  SCV  
  86  6:24  SCV x2  
  89  6:31  SCV  
  87  6:36  SCV x2  
  79  6:43  SCV  
  69  6:48  SCV x2  
  69  6:49  Hellion  
  69  6:50  Hellion  
  68  6:55  SCV  
  68  7:00  SCV x2  
  68  7:01  Cyclone  
  68  7:04  Viking  
  68  7:07  SCV  
  69  7:12  SCV  
  69  7:13  SCV  
  69  7:19  Siege Tank, SCV  
  73  7:24  SCV  
  73  7:28  Hellion x2  
  78  7:35  Medivac x2  
  78  7:36  Factory Tech Lab  
  82  7:37  SCV x2  
  82  7:39  SCV  
  82  7:40  Refinery  
  85  7:45  Refinery  
  85  7:46  Refinery  
  85  7:48  Supply Depot x2  
  85  7:49  SCV x2  
  87  7:52  Supply Depot, SCV  
  88  7:59  Siege Tank  
  88  8:01  SCV  
  88  8:02  SCV  
  93  8:07  Supply Depot x2  
  93  8:09  Siege Tank, SCV  
  97  8:13  SCV  
  97  8:14  SCV  
  97  8:15  Viking x2  
  102  8:21  SCV  
  102  8:25  SCV  
  101  8:31  Hellion  
  100  8:47  SCV  
  100  8:48  SCV x2  
  100  9:00  SCV  
  101  9:09  Siege Tank x2, Hellion  
  108  9:10  Hellion  
  108  9:12  SCV x2  
  108  9:13  SCV  
  112  9:24  SCV  
  112  9:26  Factory  
  112  9:28  Factory  
  112  9:31  Viking, Hellion x2  
  116  9:36  Supply Depot  
  118  9:39  Viking  
  118  9:46  Infernal Pre-Igniter  
  118  9:49  Siege Tank  
  118  9:50  Siege Tank  
  118  10:01  Sensor Tower, Terran Vehicle Weapons Level 2  
  118  10:03  Missile Turret  
  118  10:06  SCV x3  
  121  10:14  Factory Reactor, Factory Tech Lab  
  121  10:19  Hellion  
  121  10:20  Command Center  
  121  10:22  Siege Tank  
  121  10:28  Hellion x2  
  128  10:33  Viking x2  
  132  10:36  Siege Tank x2  
  138  10:43  Smart Servos  
  138  10:47  Supply Depot x2  
  131  11:02  SCV x2  
  131  11:03  Viking x2  
  129  11:08  SCV  
  129  11:11  Hellion x2  
  133  11:16  SCV  
  133  11:17  SCV  
  133  11:18  Terran Vehicle And Ship Armor Level 2  
  133  11:19  Siege Tank  
  133  11:20  Liberator  
  133  11:23  SCV, Hellion x3  
  127  11:27  Liberator  
  127  11:28  SCV, Hellion  
  127  11:30  SCV  
  127  11:32  Hellion  
  117  11:36  SCV  
  121  11:41  SCV  
  129  12:01  Hellion x6  
  133  12:28  Viking x2  
  133  12:29  Planetary Fortress  
  133  12:37  Siege Tank x2  
  133  12:40  Hellion x3  
  133  12:41  Siege Tank  
  133  12:43  Missile Turret x2  
  144  12:55  Hellion  
  124  13:01  Hellion x2  
  124  13:03  Viking x2  
  124  13:05  SCV x3  
  120  13:09  Siege Tank x2  
  123  13:17  SCV x3  
  119  13:21  Hellion x3  
  119  13:23  SCV, Hellion  
  128  13:28  Refinery  
  128  13:29  SCV x2  
  128  13:34  Hellion  
  128  13:35  SCV  
  128  13:37  Refinery, SCV  
  128  13:40  Refinery  
  130  13:41  Siege Tank x2  
  130  13:42  Hellion  
  130  13:43  Hellion x2  
  130  13:46  Sensor Tower, Medivac x2  
  130  13:47  SCV, Hellion  
  149  13:51  SCV x2  
  151  13:56  SCV, Hellion  
  151  13:58  Refinery  
  151  13:59  SCV  
  151  14:00  Missile Turret  
  155  14:04  Hellion x2  
  155  14:06  Siege Tank  
  162  14:10  Hellion  
  162  14:14  Hellion  
  162  14:23  Hellion  
  162  14:24  Siege Tank  
  162  14:25  Hellion  
  162  14:27  Liberator  
  164  14:35  Hellion  
  164  14:41  Hellion x2  
  164  14:44  Siege Tank, Hellion  
  161  14:47  Hellion  
  161  14:48  Viking  
  146  14:56  Hellion x2  
  128  15:02  Hellion  
  128  15:03  Cyclone  
  128  15:06  Cyclone  
  126  15:08  Cyclone, Hellion x2  
  126  15:12  SCV x4  
  125  15:16  Cyclone  
  125  15:17  Cyclone  
  125  15:18  Viking  
  131  15:32  Hellion  
  131  15:35  Missile Turret, Hellion  
  129  15:36  Missile Turret  
  129  15:38  Cyclone, Hellion  
  129  15:40  Hellion  
  136  15:46  Viking  
  136  15:48  Viking  
  140  15:54  Thor  
  140  15:56  Hellion  
  148  15:59  Thor  
  144  16:15  Thor  
  144  16:16  Hellion x2  
  144  16:18  Hellion  
  154  16:19  Terran Vehicle Weapons Level 3  
  154  16:32  Sensor Tower  
  154  16:41  Hellion x2  
  154  16:42  Hellion x2  
  154  16:43  Siege Tank  
  154  16:45  Siege Tank  
  164  16:49  Orbital Command  
  145  17:07  Cyclone x3  
  145  17:08  Cyclone  
  157  17:11  SCV  
  157  17:12  SCV x2  
  157  17:13  Refinery  
  157  17:15  SCV  
  161  17:17  Cyclone  
  161  17:20  Refinery  
  161  17:21  Sensor Tower  
  164  17:31  Supply Depot  
  164  17:32  Supply Depot x2  
  164  17:33  Thor x2  
  164  17:38  SCV x2  
  164  17:49  SCV  
  164  17:50  SCV  
  161  17:53  Thor x2  
  161  17:56  Thor  
  170  18:02  SCV  
  144  18:14  SCV x2  
  144  18:19  Hellion  
  139  18:23  Viking  
  132  18:31  SCV x2  
  123  18:36  Thor  
  120  18:43  SCV  
  120  18:44  SCV  
  110  18:55  SCV  
  110  18:56  SCV  
  105  19:06  Hellion x2  
  105  19:07  SCV, Hellion  
  105  19:08  Starport Reactor, SCV  
  113  19:13  Hellion  
  115  19:19  SCV  
  115  19:20  SCV  
  117  19:32  SCV x2  
Tags
 
Add a new tag
Caveats
  • Supply blocks, unpowered buildings, or Contaminate may cause inaccurate times.
  • Supply counts are checked every 10 seconds.